[ PARTIDA AOE2 · #488287705 ]
UnrankedCumanos vs Romans
Equipo del jugador · DERR
Equipo rival · VICT
[ ANÁLISIS DE REPETICIÓN · EXTRAÍDO DE LA PARTIDA GRABADA ]
Feudal
—
Castillos
—
Imperial
—
| APM promedio | 74.9 |
| APM pico | 101 |
| eAPM promedio | 12.7 |
| Aldeanos / militares | 18 / 0 |
Foco
⚔️ 20.7% · 🌾 79.3%
Feudal
—
Castillos
—
Imperial
—
| APM promedio | 48.5 |
| APM pico | 72 |
| eAPM promedio | 19.4 |
| Aldeanos / militares | 22 / 0 |
Foco
⚔️ 8.0% · 🌾 92.0%
Mapa de la partida
Recursos iniciales + cada clic de construcción. Líneas = muros · curvas = relieve. ◆ oro · ⬟ piedra · ● bayas · ✦ reliquia · ◌ hueco del cierre
Tu base
Base de Geschmeido
Terreno inicial suavizado · ◌ = hueco del cierre detectado · pasá el cursor para detalles
Inputs por minuto
— zacaset - - Geschmeido
Build order — zacaset
24 acciones detectadas en el replay
| 0:00 | Crear | Villager (Male) |
| 0:00 | Crear | Villager (Male) |
| 0:01 | Crear | Villager (Male) |
| 0:02 | Construir | House |
| 0:03 | Construir | House |
| 0:20 | Crear | Villager (Male) |
| 1:16 | Crear | Villager (Male) |
| 2:01 | Crear | Villager (Male) |
| 2:07 | Crear | Villager (Male) |
| 2:55 | Construir | Lumber Camp |
| 3:04 | Crear | Villager (Male) |
| 3:18 | Crear | Villager (Male) |
| 3:19 | Crear | Villager (Male) |
| 4:02 | Crear | Villager (Male) |
| 4:20 | Crear | Villager (Male) |
| 4:20 | Crear | Villager (Male) |
| 4:25 | Investigar | Loom |
| 4:28 | Construir | House |
| 4:32 | Crear | Villager (Male) |
| 4:32 | Crear | Villager (Male) |
| 4:37 | Crear | Villager (Male) |
| 5:36 | Construir | Mill |
| 5:48 | Crear | Villager (Male) |
| 6:50 | Crear | Villager (Male) |
Build order — Geschmeido
29 acciones detectadas en el replay
| 0:01 | Crear | Villager (Male) |
| 0:02 | Construir | House |
| 0:02 | Construir | House |
| 0:26 | Crear | Villager (Male) |
| 0:32 | Crear | Villager (Male) |
| 0:45 | Crear | Villager (Male) |
| 1:28 | Crear | Villager (Male) |
| 1:58 | Crear | Villager (Male) |
| 2:20 | Crear | Villager (Male) |
| 2:54 | Crear | Villager (Male) |
| 2:57 | Crear | Villager (Male) |
| 3:14 | Construir | Lumber Camp |
| 3:17 | Crear | Villager (Male) |
| 3:44 | Crear | Villager (Male) |
| 4:16 | Crear | Villager (Male) |
| 4:26 | Construir | House |
| 4:31 | Investigar | Loom |
| 4:31 | Crear | Villager (Male) |
| 4:36 | Crear | Villager (Male) |
| 4:55 | Crear | Villager (Male) |
| 5:04 | Crear | Villager (Male) |
| 5:22 | Crear | Villager (Male) |
| 5:37 | Construir | Mill |
| 5:50 | Crear | Villager (Male) |
| 6:07 | Crear | Villager (Male) |
| 6:10 | Construir | House |
| 6:39 | Crear | Villager (Male) |
| 7:04 | Crear | Villager (Male) |
| 7:19 | Crear | Villager (Male) |
Cronología de la partida
| 7:19 | zacaset · resign |
[ ANÁLISIS IA · 1 CRÉDITO ]
¿Qué pasó realmente en esta partida?
Wolo.gg analiza cada decisión: build order, eco, micro, errores típicos por bracket. Análisis personalizado por WhatsApp o Discord en 30 segundos.
Guía civ
Cumanos
Perfil
Jugador #2598647